[Event "Titled Tuesday Blitz February 01 A 2022"]
[White "Hayrapetyan, Hovik"]
[Black "Caruana, Fabiano"]
[WhiteFideId "13302639"]
[BlackFideId "2020009"]
[WhiteElo "2352"]
[BlackElo "2744"]
[Result "1-0"]
[Round "03"]
[TimeControl "180+1"]
[Date "2022.02.01"]
[WhiteClock "0:00:16"]
[BlackClock "0:00:15"]

1. d4 Nf6 2. c4 d6 3. Nc3 e5 4. d5 Be7 5. e4 O-O 6. Nge2 a5 7. Ng3 Na6 8. Be2 Nd7 9. Be3 Bg5 10. Qd2 Bxe3 11. Qxe3 Nac5 12. O-O h6 13. b3 Nb6 14. Rab1 Bd7 15. a3 Qg5 16. Qxg5 hxg5 17. Rfc1 g6 18. b4 axb4 19. axb4 Nca4 20. c5 Nxc3 21. Rxc3 Na4 22. Rcc1 Rfc8 23. Nf1 Kf8 24. Ne3 Ke7 25. h3 f6 26. Bg4 b6 27. c6 Bxg4 28. hxg4 b5 29. Nd1 Rcb8 30. Ra1 Ra6 31. Kf1 Rba8 32. Rab1 Rh8 33. Kg1 Rha8 34. Kf1 Kd8 35. Rb3 Nb6 36. Rh3 Nc4 37. Rh8+ Ke7 38. Rh7+ Kd8 39. Rh8+ Ke7 40. Rh7+ Kd8 41. Nc3 Nd2+ 42. Ke2 Nb3 43. Rch1 Nd4+ 44. Kd3 1-0


[Site "https://www.chess.com"]

[Event "Titled Tuesday Blitz February 01 A 2022"]
[White "Indjic, Aleksandar"]
[Black "Khegay, Dmitriy"]
[WhiteFideId "911925"]
[BlackFideId "24153729"]
[WhiteElo "2616"]
[BlackElo "2457"]
[Result "1-0"]
[Round "03"]
[TimeControl "180+1"]
[Date "2022.02.01"]
[WhiteClock "0:00:59"]
[BlackClock "0:01:22"]

1. e4 g6 2. d4 Bg7 3. Nf3 d6 4. Be3 Nc6 5. h3 Nf6 6. Nc3 O-O 7. Bb5 a6 8. Bxc6 bxc6 9. O-O Rb8 10. b3 Nd7 11. Qd2 c5 12. Bh6 cxd4 13. Nxd4 Bb7 14. Bxg7 Kxg7 15. f4 c5 16. Nf3 Qa5 17. Rfe1 Rfd8 18. Qe3 Nf6 19. Kh2 c4 20. e5 Nd5 21. Nxd5 Bxd5 22. exd6 exd6 23. Qd4+ Kg8 24. Ng5 h6 25. bxc4 hxg5 26. cxd5 gxf4 27. Re7 Rf8 28. Rf1 Rb4 29. c4 Qxa2 30. Rxf4 Rb2 31. Rg4 Qb1 32. Rh4 f6 33. Rh8+ 1-0


[Site "https://www.chess.com"]

[Event "Titled Tuesday Blitz February 01 A 2022"]
[White "Izoria, Zviad"]
[Black "Sarana, Alexey"]
[WhiteFideId "13601733"]
[BlackFideId "24133795"]
[WhiteElo "2806"]
[BlackElo "3095"]
[Result "0-1"]
[Round "03"]
[TimeControl "180+1"]
[Date "2022.02.01"]
[WhiteClock "0:00:08"]
[BlackClock "0:00:08"]

1. Nf3 d5 2. d4 Nf6 3. c4 e6 4. g3 Bb4+ 5. Bd2 Be7 6. Bg2 c6 7. Qc2 O-O 8. O-O Nbd7 9. Bf4 b6 10. Rd1 Bb7 11. Nc3 dxc4 12. Nd2 Nd5 13. Nxc4 Nxf4 14. gxf4 Qc7 15. e3 Rfd8 16. a3 Rac8 17. b4 Qb8 18. Rab1 c5 19. Bxb7 Qxb7 20. bxc5 Qa6 21. Qa4 Qxa4 22. Nxa4 bxc5 23. d5 exd5 24. Rxd5 Rc7 25. Rbd1 Kf8 26. Nc3 a6 27. Ne4 Ke8 28. Kf1 Nf6 29. Rxd8+ Bxd8 30. Nxf6+ Bxf6 31. Rd6 Ra7 32. Ke2 Be7 33. Rb6 Kd7 34. Kd3 Kc7 35. Ke4 Ra8 36. h3 h5 37. a4 f6 38. Kf5 Bd8 39. Ke6 h4 40. f5 Kc8 41. e4 Bxb6 42. Nxb6+ Kb7 43. Nc4 Rd8 44. f4 Rd4 45. Nd6+ Kc6 46. e5 c4 0-1


[Site "https://www.chess.com"]

[Event "Titled Tuesday Blitz February 01 A 2022"]
[White "Jacobson, Aaron"]
[Black "Vokhidov, Shamsiddin"]
[WhiteFideId "2089912"]
[BlackFideId "14204223"]
[WhiteElo "2265"]
[BlackElo "2611"]
[Result "0-1"]
[Round "03"]
[TimeControl "180+1"]
[Date "2022.02.01"]
[WhiteClock "0:00:01"]
[BlackClock "0:00:44"]

1. e4 c5 2. Nf3 e6 3. d4 cxd4 4. Bg5 f6 5. Bc1 Nc6 6. Nxd4 Nxd4 7. Qxd4 Ne7 8. Nc3 Nc6 9. Qd1 a6 10. Bd3 b5 11. O-O Bb7 12. f4 Bc5+ 13. Kh1 O-O 14. Qh5 Qe7 15. Bd2 Nb4 16. f5 Nxd3 17. cxd3 b4 18. Ne2 Rac8 19. Rf3 Qf7 20. Qg4 exf5 21. Qxf5 d5 22. Nf4 dxe4 23. dxe4 Rfe8 24. Nd5 Rcd8 25. Rh3 h6 26. Rxh6 gxh6 27. Nxf6+ Kh8 28. Bxh6 Re6 29. e5 Bc8 30. Qh3 Rxf6 0-1


[Site "https://www.chess.com"]

[Event "Titled Tuesday Blitz February 01 A 2022"]
[White "Jobava, Baadur"]
[Black "Kushagra, Mohan"]
[WhiteFideId "13601520"]
[BlackFideId "25033638"]
[WhiteElo "2617"]
[BlackElo "1886"]
[Result "1-0"]
[Round "03"]
[TimeControl "180+1"]
[Date "2022.02.01"]
[WhiteClock "0:00:37"]
[BlackClock "0:00:10"]

1. b3 e5 2. Bb2 Nc6 3. Nf3 e4 4. Nd4 Nxd4 5. Bxd4 Nf6 6. e3 Be7 7. c4 O-O 8. Nc3 Re8 9. Rc1 b6 10. g4 c5 11. Bxf6 Bxf6 12. Nd5 Bb7 13. Bg2 Bh4 14. O-O Qg5 15. Nc7 f5 16. Nxa8 Rxa8 17. f4 Qxg4 18. Qxg4 fxg4 19. d3 Re8 20. Rcd1 h5 21. f5 Bg5 22. Bxe4 Bxe4 23. dxe4 Bxe3+ 24. Kg2 Bd4 25. Rde1 Kf7 26. h3 Kf6 27. hxg4 hxg4 28. Rh1 Kg5 29. Rh7 Kf4 30. Rf1+ Kg5 31. Re1 Kf4 32. e5 Kxf5 33. Rxg7 Bxe5 34. Rxd7 Rh8 35. Rd5 Re8 36. a4 Kf4 37. Rd7 Kf5 38. Rxa7 Rh8 39. Rf7+ Ke6 40. Rf4 Rg8 41. Re2 Rg5 42. Ree4 g3 43. Rg4 Rxg4 44. Rxg4 Kf5 45. Rh4 Kg6 46. Kf3 Bd6 47. Re4 Kf7 48. Re2 Bc7 49. Re4 Bd6 50. Rg4 Bc7 51. Ke4 Ke6 52. Rg7 Bd6 53. Rg6+ Kd7 54. Kd5 Bf4 55. Rxb6 Ke7 56. Rg6 Kf7 57. Rg4 1-0


[Site "https://www.chess.com"]

[Event "Titled Tuesday Blitz February 01 A 2022"]
[White "Jones, Gawain C B"]
[Black "Anuj Shrivatri"]
[WhiteFideId "409561"]
[BlackFideId "35070924"]
[WhiteElo "2657"]
[BlackElo "2038"]
[Result "1-0"]
[Round "03"]
[TimeControl "180+1"]
[Date "2022.02.01"]
[WhiteClock "0:00:05"]
[BlackClock "0:00:10"]

1. Nf3 Nf6 2. g3 g6 3. Bg2 Bg7 4. b3 O-O 5. Bb2 d5 6. c4 Nc6 7. cxd5 Nxd5 8. Bxg7 Kxg7 9. d4 Qd6 10. e4 Nb6 11. d5 Qf6 12. Nbd2 Nd4 13. e5 Nxf3+ 14. Nxf3 Qf5 15. O-O Rd8 16. Re1 Nxd5 17. Nd4 Qg4 18. Bxd5 Rxd5 19. Nf5+ Bxf5 20. Qxd5 c6 21. Qc5 Rd8 22. Qxe7 Rd2 23. Qf6+ Kg8 24. e6 Bxe6 25. Qc3 Rd8 26. Re3 h5 27. Rae1 Kh7 28. Re4 Qf5 29. Rf4 Qd5 30. h4 a6 31. Kh2 Rd7 32. a3 Kg8 33. b4 Kh7 34. Qf3 Qd2 35. Re2 Qd1 36. Qe3 Bd5 37. Re1 Qc2 38. Qe8 Qd2 39. Qxd7 Qe2 40. Rxf7+ 1-0


[Site "https://www.chess.com"]

[Event "Titled Tuesday Blitz February 01 A 2022"]
[White "Kosakowski, Jakub"]
[Black "Hansen, Eric"]
[WhiteFideId "1185080"]
[BlackFideId "2606771"]
[WhiteElo "2476"]
[BlackElo "2568"]
[Result "1-0"]
[Round "03"]
[TimeControl "180+1"]
[Date "2022.02.01"]
[WhiteClock "0:00:15"]
[BlackClock "0:00:02"]

1. e3 d5 2. Nf3 Nf6 3. c4 e6 4. Nc3 Bd6 5. b3 O-O 6. Bb2 a6 7. Qc2 c5 8. g4 d4 9. exd4 cxd4 10. Nxd4 e5 11. Nf5 Nc6 12. g5 Bxf5 13. Qxf5 Nd4 14. Qd3 Nh5 15. Nd5 Qxg5 16. O-O-O Rfe8 17. Be2 Nf4 18. Nxf4 Qxf4 19. Bxd4 exd4 20. Bf3 Re7 21. Rhg1 Rae8 22. Rg4 Qf6 23. Bd5 Qxf2 24. Rxd4 Ba3+ 25. Kc2 Re1 26. Re4 R1xe4 27. Bxe4 Qf6 28. Rb1 Rd8 29. Qf3 Qd4 30. Bd5 Rd7 31. Qf5 Rc7 32. Qe4 Qxe4+ 33. Bxe4 b5 34. Bd5 g6 35. Re1 Kg7 36. Re8 f5 37. Ra8 bxc4 38. Bxc4 Bd6 39. h3 Bf4 40. Rxa6 Rd7 41. d3 Kh6 42. a4 Kg5 43. a5 Be3 44. Re6 f4 45. b4 Kh4 46. b5 Kg3 47. b6 f3 48. Rxe3 Kf2 49. Rxf3+ Kxf3 50. a6 Ke3 51. a7 Rd8 52. b7 1-0


[Site "https://www.chess.com"]

[Event "Titled Tuesday Blitz February 01 A 2022"]
[White "Kozlov, Gennady"]
[Black "Narayanan.S.L"]
[WhiteFideId "4191668"]
[BlackFideId "5058422"]
[WhiteElo "2392"]
[BlackElo "2494"]
[Result "1-0"]
[Round "03"]
[TimeControl "180+1"]
[Date "2022.02.01"]
[WhiteClock "0:00:45"]
[BlackClock "0:00:55"]

1. d4 d5 2. c4 c6 3. Nc3 a6 4. e3 b5 5. cxd5 cxd5 6. Nf3 e6 7. a3 f5 8. Bd3 Nf6 9. O-O Bd6 10. Ne5 O-O 11. f4 Bb7 12. Bd2 Nbd7 13. Be1 Nb6 14. Bh4 Kh8 15. Rf3 Be7 16. Rh3 Kg8 17. Bxf6 Bxf6 18. Qh5 h6 19. Qg6 Qe8 20. Rxh6 Qxg6 21. Rxg6 Rfc8 22. g4 fxg4 23. Nxg4 Kf7 24. Kf2 Nc4 25. Nxf6 Nxb2 26. Rag1 Nxd3+ 27. Kf3 gxf6 28. Rg7+ Kf8 29. Rxb7 Rxc3 30. Rgg7 Ne1+ 31. Ke2 Nc2 32. Rbf7+ Ke8 33. Rb7 Rxe3+ 34. Kd2 Kf8 35. Rh7 Kg8 36. Rbg7+ Kf8 37. Rc7 Kg8 38. Kxc2 Rxa3 39. Rhg7+ Kh8 40. Rh7+ Kg8 41. Rhg7+ Kf8 42. Rgf7+ Ke8 43. Rh7 Kd8 44. Rcg7 Rc8+ 45. Kb2 1-0


[Site "https://www.chess.com"]

[Event "Titled Tuesday Blitz February 01 A 2022"]
[White "Le, Tuan Minh"]
[Black "Wagner, Dennis"]
[WhiteFideId "12401153"]
[BlackFideId "24650684"]
[WhiteElo "2450"]
[BlackElo "2355"]
[Result "1-0"]
[Round "03"]
[TimeControl "180+1"]
[Date "2022.02.01"]
[WhiteClock "0:01:32"]
[BlackClock "0:00:03"]

1. d4 Nf6 2. Nf3 d5 3. Bf4 c5 4. c3 Nc6 5. e3 Qb6 6. Qc2 Nh5 7. Be5 cxd4 8. cxd4 f6 9. Bg3 e6 10. Nc3 Bd7 11. a3 Be7 12. Bd3 Nxg3 13. hxg3 O-O-O 14. b4 Kb8 15. Na4 Qc7 16. Rc1 Rc8 17. Nc5 Bxc5 18. Qxc5 Ka8 19. O-O Qd8 20. Qd6 h5 21. Rc5 g5 22. Rfc1 h4 23. g4 h3 24. g3 Ne7 25. Rc7 Ba4 26. Qxe7 Rxc7 27. Qxc7 Qe8 28. Kh2 a6 29. Qb6 Bc6 30. Bxa6 e5 31. b5 Bd7 32. Qxb7# 1-0


[Site "https://www.chess.com"]

[Event "Titled Tuesday Blitz February 01 A 2022"]
[White "Lenderman, Aleksandr"]
[Black "Khachiyan, Melikset"]
[WhiteFideId "2021285"]
[BlackFideId "13300512"]
[WhiteElo "2651"]
[BlackElo "2484"]
[Result "1-0"]
[Round "03"]
[TimeControl "180+1"]
[Date "2022.02.01"]
[WhiteClock "0:01:05"]
[BlackClock "0:00:27"]

1. d4 d5 2. Nf3 Nf6 3. c4 c6 4. cxd5 cxd5 5. Nc3 Nc6 6. Bf4 Bf5 7. e3 e6 8. Qb3 Bb4 9. Ne5 O-O 10. Nxc6 Bxc3+ 11. Qxc3 bxc6 12. Qa3 Nd7 13. Be2 Qb6 14. Bd6 Rfc8 15. Ba6 Rd8 16. O-O Nb8 17. Be2 a5 18. Rfc1 Nd7 19. Rc3 Rdc8 20. Rac1 f6 21. Qb3 Qxb3 22. axb3 c5 23. Bb5 e5 24. dxc5 Kf7 25. c6 Ke6 26. Ba3 Nb8 27. c7 Nd7 28. f3 Ra7 29. e4 dxe4 30. Bc4# 1-0


[Site "https://www.chess.com"]

[Event "Titled Tuesday Blitz February 01 A 2022"]
[White "Molina, Roberto Junio Brito"]
[Black "Martinez Alcantara, Jose Eduardo"]
[WhiteFideId "2109450"]
[BlackFideId "3805662"]
[WhiteElo "2402"]
[BlackElo "2690"]
[Result "1/2-1/2"]
[Round "03"]
[TimeControl "180+1"]
[Date "2022.02.01"]
[WhiteClock "0:00:09"]
[BlackClock "0:00:04"]

1. d4 Nf6 2. Nf3 e6 3. e3 b6 4. Bd3 Bb7 5. O-O g6 6. Qe2 d5 7. b3 Bg7 8. Ba3 Nbd7 9. Nbd2 c5 10. c4 O-O 11. Rac1 Re8 12. Rfd1 Rc8 13. Ne5 Nxe5 14. dxe5 Nd7 15. f4 f6 16. exf6 Qxf6 17. Rf1 e5 18. cxd5 exf4 19. Rxf4 Qxf4 20. exf4 Rxe2 21. Bxe2 Bxd5 22. Bc4 Bd4+ 23. Kf1 Nf6 24. Re1 Bc3 25. Re2 Rd8 26. Bxd5+ Nxd5 27. Ne4 Bd4 28. Bc1 a5 29. g3 a4 30. Kg2 Ra8 31. Nd6 axb3 32. axb3 Ra1 33. Bd2 Ra2 34. Kf1 Rb2 35. f5 gxf5 36. Bh6 Rxe2 37. Kxe2 Bg7 38. Bf4 Nxf4+ 39. gxf4 Bf8 40. Nxf5 Kf7 41. Kd3 b5 42. Ne3 Ke6 43. Ke4 Bd6 44. h4 h5 45. Nf5 Be7 46. Ng7+ Kf7 47. Nxh5 Bxh4 48. f5 c4 49. bxc4 bxc4 50. Kd4 Kg8 51. Kxc4 Kf7 52. Kd5 Bg5 53. Ke4 Bd8 1/2-1/2


[Site "https://www.chess.com"]

[Event "Titled Tuesday Blitz February 01 A 2022"]
[White "Muradli, Mahammad"]
[Black "Leiva, Gianmarco"]
[WhiteFideId "13409301"]
[BlackFideId "3804399"]
[WhiteElo "2645"]
[BlackElo "2328"]
[Result "1-0"]
[Round "03"]
[TimeControl "180+1"]
[Date "2022.02.01"]
[WhiteClock "0:00:23"]
[BlackClock "0:00:01"]

1. d4 Nf6 2. Nf3 e6 3. e3 d5 4. Bd3 Bd6 5. O-O O-O 6. b3 b6 7. Bb2 Bb7 8. Qe2 Nbd7 9. Nbd2 Ne4 10. c4 Rc8 11. a3 a5 12. Rfc1 Qe7 13. Ne5 Nxd2 14. Qxd2 Nxe5 15. dxe5 Bc5 16. cxd5 Bxd5 17. Qc2 g6 18. Rd1 Rfd8 19. g3 Rd7 20. Bb5 c6 21. Be2 a4 22. bxa4 b5 23. e4 Bc4 24. Bxc4 bxc4 25. Qxc4 Rb7 26. Bc3 Bxa3 27. a5 Rb5 28. a6 Bc5 29. Bd4 Ra8 30. Bxc5 Rxc5 31. Qb4 Qa7 32. Rd7 Qxd7 33. Qxc5 Ra7 34. Qb6 Kg7 35. h4 h5 36. Rb1 Kh7 37. Qb7 Qd4 38. Qxc6 Qxe5 39. Rb7 1-0


[Site "https://www.chess.com"]

[Event "Titled Tuesday Blitz February 01 A 2022"]
[White "Nakamura, Hikaru"]
[Black "Yeletsky, Ivan"]
[WhiteFideId "2016192"]
[BlackFideId "24180327"]
[WhiteElo "3216"]
[BlackElo "2807"]
[Result "1-0"]
[Round "03"]
[TimeControl "180+1"]
[Date "2022.02.01"]
[WhiteClock "0:01:09"]
[BlackClock "0:00:32"]

1. Nf3 c5 2. b3 Nc6 3. Bb2 Nf6 4. e3 g6 5. d4 cxd4 6. Nxd4 Bg7 7. Nxc6 bxc6 8. Be2 O-O 9. O-O a5 10. c4 d6 11. Nc3 Ne4 12. Qc1 Nc5 13. Nd1 e5 14. Nc3 Be6 15. Rd1 Qc7 16. Ba3 Nb7 17. Qc2 Rfd8 18. Rd2 Bf5 19. Bd3 e4 20. Be2 Nc5 21. Rad1 Nd3 22. g4 Nb4 23. Qc1 Be6 24. Nxe4 d5 25. Bxb4 axb4 26. cxd5 Qe5 27. dxe6 Rxd2 28. exf7+ Kxf7 29. Nxd2 Qc3 30. Ne4 1-0


[Site "https://www.chess.com"]

[Event "Titled Tuesday Blitz February 01 A 2022"]
[White "Pakleza, Zbigniew"]
[Black "Xiong, Jeffery"]
[WhiteFideId "1119290"]
[BlackFideId "2047640"]
[WhiteElo "2467"]
[BlackElo "2727"]
[Result "0-1"]
[Round "03"]
[TimeControl "180+1"]
[Date "2022.02.01"]
[WhiteClock "0:00:18"]
[BlackClock "0:01:04"]

1. d4 g6 2. Nf3 Bg7 3. Bf4 d6 4. e3 Nd7 5. h3 e5 6. Bh2 Nh6 7. Be2 O-O 8. O-O Qe7 9. Re1 f5 10. c4 Nf7 11. Nc3 c6 12. Rc1 e4 13. Nd2 Nf6 14. b4 g5 15. a4 g4 16. hxg4 fxg4 17. Bf4 h5 18. g3 Bf5 19. Qc2 Rae8 20. Nb3 Nh7 21. Red1 Nfg5 22. c5 d5 23. Bd6 Qf6 24. Bxf8 Rxf8 25. Bf1 h4 26. Bg2 Qh6 27. Ne2 Nf3+ 28. Kf1 Nhg5 29. Nf4 hxg3 30. fxg3 Qh2 31. Qf2 Ne6 32. Ke2 Nxf4+ 33. exf4 e3 0-1


[Site "https://www.chess.com"]

[Event "Titled Tuesday Blitz February 01 A 2022"]
[White "Panesar Vedant"]
[Black "Nogerbek, Kazybek"]
[WhiteFideId "35033018"]
[BlackFideId "13710427"]
[WhiteElo "1971"]
[BlackElo "2478"]
[Result "0-1"]
[Round "03"]
[TimeControl "180+1"]
[Date "2022.02.01"]
[WhiteClock "0:00:09"]
[BlackClock "0:00:11"]

1. e4 c5 2. Nc3 d6 3. f4 g6 4. Nf3 Bg7 5. Bc4 Nc6 6. O-O e6 7. d4 cxd4 8. Nb5 Nge7 9. Bb3 O-O 10. Nbxd4 Bd7 11. Be3 a6 12. c3 Rc8 13. Qe2 e5 14. Nxc6 Bxc6 15. fxe5 dxe5 16. Ng5 Be8 17. Rad1 Qc7 18. Qg4 Kh8 19. Bxf7 Nf5 20. exf5 Rxf7 21. Nxf7+ Bxf7 22. f6 Bf8 23. Rd7 Qc4 24. Qxc4 Bxc4 25. Rfd1 Kg8 26. Rxb7 Bxa2 27. Rdd7 h5 28. b3 Bb1 29. Rbc7 Rb8 30. Bc5 Bf5 31. f7+ Kg7 32. Bxf8+ Rxf8 33. Re7 e4 34. Re8 Rxf7 35. Rxf7+ Kxf7 36. Ra8 e3 37. Kf1 Be4 38. Ke2 Bxa8 39. Kxe3 Bxg2 40. Kd4 Ke6 41. c4 Kd6 42. h4 Bh3 43. b4 Kc6 44. Ke5 Bf1 45. Kd4 Be2 46. Kc3 Kb6 47. Kd4 a5 48. c5+ Kb5 49. bxa5 Kxa5 50. Kd5 Kb5 51. Kd6 Bf3 0-1


[Site "https://www.chess.com"]

[Event "Titled Tuesday Blitz February 01 A 2022"]
[White "Paravyan, David"]
[Black "Valdes Romero, Leonardo"]
[WhiteFideId "4194985"]
[BlackFideId "6500331"]
[WhiteElo "2569"]
[BlackElo "2497"]
[Result "1-0"]
[Round "03"]
[TimeControl "180+1"]
[Date "2022.02.01"]
[WhiteClock "0:01:02"]
[BlackClock "0:00:30"]

1. e4 d6 2. d4 Nf6 3. Nc3 e5 4. Nf3 Nbd7 5. Bc4 Be7 6. O-O O-O 7. Re1 c6 8. a4 b6 9. d5 cxd5 10. Nxd5 Bb7 11. b3 Rc8 12. Ra2 Nxd5 13. Bxd5 Bxd5 14. Qxd5 Nf6 15. Qd1 d5 16. exd5 Nxd5 17. c4 Bb4 18. cxd5 Bxe1 19. Nxe1 Qd7 20. Ba3 Rfd8 21. Rd2 Rc3 22. Bb4 Rcc8 23. Nc2 f5 24. Ne3 b5 25. axb5 Qxb5 26. Be7 Rd7 27. d6 f4 28. Nc4 a5 29. Rd5 Qb4 30. Nxe5 1-0


[Site "https://www.chess.com"]

[Event "Titled Tuesday Blitz February 01 A 2022"]
[White "Pranav, V"]
[Black "Nitin, S."]
[WhiteFideId "25060783"]
[BlackFideId "5018277"]
[WhiteElo "2349"]
[BlackElo "2417"]
[Result "1-0"]
[Round "03"]
[TimeControl "180+1"]
[Date "2022.02.01"]
[WhiteClock "0:00:10"]
[BlackClock "0:00:14"]

1. Nf3 Nf6 2. g3 g6 3. Bg2 Bg7 4. O-O O-O 5. d3 d5 6. Nbd2 Nc6 7. e4 e5 8. exd5 Nxd5 9. a4 a5 10. Re1 Re8 11. Nc4 h6 12. c3 Bf5 13. h3 Kh7 14. Nh4 Be6 15. Nf3 Bf5 16. Nh4 Be6 17. Ne3 Nf4 18. gxf4 Qxh4 19. fxe5 Nxe5 20. d4 Rad8 21. Qe2 Nc6 22. Qf3 Ne7 23. Bd2 Nd5 24. Nxd5 Bxd5 25. Qg3 Qxg3 26. fxg3 Rxe1+ 27. Rxe1 Bxg2 28. Kxg2 c5 29. Re7 Kg8 30. Rxb7 cxd4 31. c4 d3 32. Kf3 Re8 33. c5 Re2 34. Be3 Rc2 35. b4 axb4 36. a5 d2 37. Ke2 Bf8 38. a6 Ra2 39. a7 b3 40. c6 b2 41. c7 Ra1 42. Bxd2 1-0


[Site "https://www.chess.com"]

[Event "Titled Tuesday Blitz February 01 A 2022"]
[White "Pranesh M"]
[Black "Orozbaev, Eldiar"]
[WhiteFideId "35028600"]
[BlackFideId "13802240"]
[WhiteElo "1866"]
[BlackElo "2050"]
[Result "1-0"]
[Round "03"]
[TimeControl "180+1"]
[Date "2022.02.01"]
[WhiteClock "0:01:21"]
[BlackClock "0:00:04"]

1. e4 e6 2. d4 d5 3. Nd2 c5 4. Ngf3 Nc6 5. Bb5 cxd4 6. Nxd4 Bd7 7. Nxc6 bxc6 8. Bd3 c5 9. exd5 exd5 10. O-O Nf6 11. b3 Bd6 12. Re1+ Be6 13. Bb5+ Nd7 14. Nc4 Bxh2+ 15. Kxh2 dxc4 16. Qd6 Qe7 17. Bf4 Qxd6 18. Bxd6 cxb3 19. axb3 h5 20. Rad1 Rh6 21. Bf4 Rf6 22. Bxd7+ Kf8 23. Bd6+ Kg8 24. Bxe6 fxe6 25. f3 Rc8 26. Be5 Rf5 27. Rd7 Rf7 28. Red1 c4 29. Rxf7 Kxf7 30. Rd7+ Kg6 31. g4 hxg4 32. fxg4 cxb3 33. Rxg7+ Kh6 34. cxb3 Rc2+ 35. Kg3 Re2 36. g5+ Kh5 37. Kf4 Rf2+ 38. Ke3 Rf5 39. Ke4 a5 40. g6 Kh6 41. Rg8 Rg5 42. Bf4 1-0


[Site "https://www.chess.com"]

[Event "Titled Tuesday Blitz February 01 A 2022"]
[White "Prestia, Paris"]
[Black "Corrales Jimenez, Fidel"]
[WhiteFideId "30925959"]
[BlackFideId "3506690"]
[WhiteElo "2575"]
[BlackElo "2541"]
[Result "0-1"]
[Round "03"]
[TimeControl "180+1"]
[Date "2022.02.01"]
[WhiteClock "0:00:17"]
[BlackClock "0:01:12"]

1. d4 Nf6 2. Bg5 Ne4 3. Bf4 c5 4. f3 Qa5+ 5. c3 Nf6 6. d5 e6 7. e4 exd5 8. exd5 d6 9. Qd2 Be7 10. c4 Qxd2+ 11. Kxd2 O-O 12. Nc3 a6 13. Bd3 Nh5 14. Be3 Nd7 15. b3 f5 16. Nge2 Ne5 17. Bc2 Bd7 18. a4 Rae8 19. Rhe1 Bh4 20. Rf1 Ng6 21. g3 Bf6 22. f4 Re7 23. Rae1 Rfe8 24. Bg1 Nh8 25. Nd1 b5 26. axb5 axb5 27. Nec3 b4 28. Nb1 Nf7 29. Rxe7 Bxe7 30. Re1 Nf6 31. Kc1 Kf8 32. Ne3 Ne4 33. Nd2 Bf6 34. Nxe4 fxe4 35. Nd1 Bf5 36. Ne3 Bh3 37. g4 Bd4 38. g5 Bc3 39. Re2 g6 40. Bf2 h6 41. gxh6 Nxh6 42. Be1 Bd4 43. Bd2 Nf5 44. Nf1 Bxf1 0-1


[Site "https://www.chess.com"]

[Event "Titled Tuesday Blitz February 01 A 2022"]
[White "Rustemov, Alexander"]
[Black "Deac, Bogdan-Daniel"]
[WhiteFideId "4119002"]
[BlackFideId "1226380"]
[WhiteElo "2782"]
[BlackElo "2646"]
[Result "0-1"]
[Round "03"]
[TimeControl "180+1"]
[Date "2022.02.01"]
[WhiteClock "0:00:01"]
[BlackClock "0:00:04"]

1. d4 Nf6 2. c4 e6 3. Nf3 d5 4. cxd5 exd5 5. Nc3 Bb4 6. Bg5 h6 7. Bxf6 Qxf6 8. Qa4+ Nc6 9. e3 O-O 10. Be2 Be6 11. O-O a6 12. Rfc1 Bd6 13. Qd1 g5 14. a3 g4 15. Ne1 h5 16. g3 Qg5 17. Ng2 Ne7 18. e4 c6 19. f4 gxf3 20. Bxf3 Kg7 21. Qe2 Rh8 22. e5 Bb8 23. Qf2 Nf5 24. Ne2 Ba7 25. Rd1 h4 26. g4 Ne7 27. h3 Ng6 28. Kh1 Nxe5 29. Nef4 Ng6 30. Nh5+ Kh6 31. Rf1 Raf8 32. Rae1 Bc8 33. Ne3 Rhg8 34. Nf5+ Bxf5 35. gxf5 Qxf5 36. Qd2+ Qg5 37. Qd1 Bb8 38. Rg1 Bg3 39. Re2 Nf4 40. Nxf4 Qxf4 41. Re5 f5 42. Re6+ Rg6 43. Qe2 Qg5 44. Rg2 Rxe6 45. Qxe6+ Kg7 46. Qd7+ Rf7 47. Qc8 Re7 48. Rg1 Qd2 0-1


[Site "https://www.chess.com"]

[Event "Titled Tuesday Blitz February 01 A 2022"]
[White "Sasikiran, Krishnan"]
[Black "Martinovici, Ilia"]
[WhiteFideId "5004985"]
[BlackFideId "13907034"]
[WhiteElo "2572"]
[BlackElo "2303"]
[Result "1-0"]
[Round "03"]
[TimeControl "180+1"]
[Date "2022.02.01"]
[WhiteClock "0:00:11"]
[BlackClock "0:00:06"]

1. d4 d5 2. c4 e6 3. Nf3 Nf6 4. Nc3 dxc4 5. e4 Bb4 6. Bxc4 Nxe4 7. O-O Bxc3 8. bxc3 O-O 9. Qc2 Nd6 10. Bd3 h6 11. Ba3 Nd7 12. Ne5 Re8 13. f4 Nf5 14. Rae1 c5 15. g4 Ne7 16. Bh7+ Kf8 17. Nxd7+ Bxd7 18. Bxc5 Rc8 19. Ba3 Qa5 20. Bb4 Qb6 21. f5 exf5 22. Qe2 g6 23. gxf5 Kg7 24. f6+ Kxh7 25. fxe7 Bf5 26. Qe5 a5 27. Bc5 Qe6 28. Qg3 Qd5 29. Re5 Qxa2 30. Qh4 Be6 31. Re3 a4 32. Bd6 Rg8 33. Qf6 Qc4 34. Be5 Rce8 35. Rg3 a3 36. d5 a2 37. dxe6 Qc5+ 38. Bd4 Rxe7 39. Bxc5 1-0


[Site "https://www.chess.com"]

[Event "Titled Tuesday Blitz February 01 A 2022"]
[White "Shimanov, Aleksandr"]
[Black "Wieczorek, Oskar"]
[WhiteFideId "4198603"]
[BlackFideId "1133950"]
[WhiteElo "2636"]
[BlackElo "2319"]
[Result "1/2-1/2"]
[Round "03"]
[TimeControl "180+1"]
[Date "2022.02.01"]
[WhiteClock "0:00:10"]
[BlackClock "0:00:14"]

1. e4 c5 2. Nc3 g6 3. Nf3 Bg7 4. d4 cxd4 5. Nxd4 Nc6 6. Nxc6 bxc6 7. Bc4 d6 8. O-O Qc7 9. Bb3 Nf6 10. Re1 O-O 11. f3 Nd7 12. Be3 Nc5 13. Qd2 a5 14. Bc4 a4 15. Rad1 Be6 16. Bxe6 Nxe6 17. b3 axb3 18. axb3 Qa5 19. Na4 Qxd2 20. Rxd2 Rfb8 21. Red1 c5 22. f4 Bd4 23. Bxd4 Nxd4 24. Kf2 f6 25. Ke3 Kf7 26. Nc3 Ra3 27. Ne2 Nxe2 28. Rxe2 c4 29. Kf2 cxb3 30. cxb3 Raxb3 31. Rdd2 R8b5 32. g3 Rb1 33. Kg2 Rc1 34. Rf2 h5 35. Rde2 Rcc5 36. Kf3 f5 37. exf5 gxf5 38. Kg2 Rc3 39. Kh3 Rb8 40. Kh4 Rg8 41. Rc2 Rxc2 42. Rxc2 Kg6 43. Re2 Kf6 44. Rd2 Rd8 45. Kh3 d5 46. Kg2 d4 47. Kf3 e5 48. fxe5+ Kxe5 49. Ra2 d3 50. Ke3 Rd5 51. Rd2 f4+ 52. gxf4+ Kf5 53. Rxd3 Rxd3+ 54. Kxd3 Kxf4 55. Ke2 Kg4 56. Kf2 Kh3 57. Kg1 1/2-1/2


[Site "https://www.chess.com"]

[Event "Titled Tuesday Blitz February 01 A 2022"]
[White "Sviridov, Valery"]
[Black "Davtyan, Artur"]
[WhiteFideId "4120680"]
[BlackFideId "13308327"]
[WhiteElo "2454"]
[BlackElo "2311"]
[Result "1-0"]
[Round "03"]
[TimeControl "180+1"]
[Date "2022.02.01"]
[WhiteClock "0:00:58"]
[BlackClock "0:00:03"]

1. d4 d5 2. Nf3 Nf6 3. e3 c6 4. c4 e6 5. Nc3 Nbd7 6. Qc2 Bd6 7. b3 O-O 8. Bb2 b6 9. Bd3 Bb7 10. O-O Qe7 11. Rfe1 dxc4 12. Bxc4 e5 13. e4 Rfe8 14. Rad1 Rad8 15. Ng5 Rf8 16. f4 exd4 17. e5 Bc5 18. exf6 d3+ 19. Kf1 Qxe1+ 20. Rxe1 dxc2 21. fxg7 Kxg7 22. Nce4+ Kg8 23. Bd3 f6 24. Ne6 Bb4 25. Nxd8 Bxe1 26. Nxb7 Bb4 27. Bxc2 f5 28. Ned6 Nf6 29. Bxf5 Kg7 30. Ne4 Be7 31. Nbd6 Rd8 32. g4 Kf8 33. Nxf6 Bxf6 34. Bxf6 Rxd6 35. g5 Rd2 36. h4 Rh2 37. Bxh7 Rxh4 38. Bd3 Rxf4+ 39. Ke2 a5 40. Ke3 Rg4 41. Bf5 Rg1 42. g6 Re1+ 43. Kf4 b5 44. Be4 Rf1+ 45. Kg5 Rc1 46. Bf5 Re1 47. Bc3 Rg1+ 48. Kf6 b4 49. Bd4 Rc1 50. g7+ 1-0


[Site "https://www.chess.com"]